 Dungeon Crawl Stone Soup version 0.21-a0-404-g291f19a (webtiles) character file.

1480 IceWhale the Chopper (level 8, 0/61 HPs)
             Began as a Demonspawn Abyssal Knight on Oct 28, 2017.
             Was a Priest of Lugonu.
             Slain by a crocodile (8 damage)
             ... on level 7 of the Dungeon.
             The game lasted 00:45:35 (7442 turns).

IceWhale the Chopper (Demonspawn Abyssal Knight)    Turns: 7442, Time: 00:45:36

Health: 0/61       AC: 13    Str: 15    XL:     8   Next: 50%
Magic:  11/11      EV:  6    Int: 13    God:    Lugonu [***...]
Gold:   266        SH:  0    Dex: 13    Spells: 7/7 levels left

rFire    . . .     SeeInvis .   a - +2 hand axe
rCold    . . .     Gourm    .   (no shield)
rNeg     + . .     Faith    .   T - +0 chain mail
rPois    .         Spirit   .   n - +0 helmet
rElec    .         Reflect  .   (no cloak)
rCorr    .         Harm     .   (no gloves)
MR       .....                  (no boots)
Stlth    ..........             (no amulet)
HPRegen  0.20/turn              i - ring of positive energy
MPRegen  0.12/turn              (no ring)

@: confused, flying
A: talons 1, yellow scales 2, demonic guardian 1, nightstalker 1
a: Depart the Abyss, Bend Space, Banish, Renounce Religion


You were on level 7 of the Dungeon.
You worshipped Lugonu.
Lugonu was most pleased with you.
You were not hungry.

You visited 2 branches of the dungeon, and saw 8 of its levels.
You visited the Abyss 1 time.

You collected 266 gold pieces.

Inventory:

Hand Weapons
 a - a +2 hand axe (weapon)
 o - a +0 club
 t - a +0 mace
 v - a +1 dagger of electrocution
 w - a +0 hand axe of pain
 I - a +0 war axe of chopping
 J - a +0 war axe
 L - a +0 shortbow
Missiles
 O - 48 arrows
Armour
 b - a +0 leather armour
 j - a +0 ring mail
 k - a +0 shield
 m - a +0 animal skin
 n - a +0 helmet (worn)
 u - a +0 scale mail
 B - a +0 scale mail
 F - a +0 ring mail
 G - a +0 ring mail
 T - a +0 chain mail (worn)
Jewellery
 i - a ring of positive energy (left hand)
 K - an uncursed ring of magical power
 S - an uncursed ring of positive energy
Wands
 l - a wand of random effects (33/48)
 p - a wand of random effects (14/48)
 U - a wand of polymorph (9/24)
Scrolls
 f - 5 scrolls of remove curse
 h - 5 scrolls of immolation {unknown}
 r - 4 scrolls of teleportation {unknown}
 x - 3 scrolls of identify
 y - 3 scrolls of enchant armour {unknown}
 C - a scroll of blinking
 E - a scroll of random uselessness {unknown}
 N - a scroll of vulnerability {unknown}
 R - a scroll of recharging {unknown}
Potions
 d - 2 potions of lignification
 q - 3 potions of curing
 A - a potion of brilliance {unknown}
 D - a potion of might {unknown}
 M - a potion of degeneration {unknown}
Comestibles
 c - 2 bread rations
 z - 4 royal jellies
 H - a fruit
 P - 3 meat rations
 Q - 3 chunks of flesh


   Skills:
 * Level 4.8 Fighting
 * Level 7.9 Axes
 - Level 3.0 Armour
 - Level 0.8 Dodging
 + Level 2.6 Stealth
 - Level 0.3 Shields
 * Level 4.7 Invocations


You had 7 spell levels left.
You didn't know any spells.

Dungeon Overview and Level Annotations

Branches:
Dungeon (7/15)             Temple (1/1) D:6

Altars:
Cheibriados
Dithmenos
Elyvilon
Fedhas
Hepliaklqana
Nemelex Xobeh
Okawaru
Qazlal
Ru
Sif Muna
Vehumet
Wu Jian
Yredelemnul
Zin
The Shining One
Jiyva

Annotations:
Abyss:1 Sigmund


Innate Abilities, Weirdness & Mutations

You have sharp toenails.
You are mostly covered in yellow scales. (AC +3)
A weak demonic guardian rushes to your aid.
You are slightly more attuned to the shadows.


Message History

It was a potion of flight.
You feel very buoyant.
You fly up into the air.
The centaur shoots an arrow.
The arrow hits you but does no damage.
It was a potion of ambrosia.
You are confused.
You feel invigorated.
The centaur shoots an arrow.
The arrow hits you but does no damage. The crocodile bites you.
* * * LOW HITPOINT WARNING * * *
The centaur unwields an uncursed shortbow.
The centaur hits you but does no damage.
The crocodile bites you!
* * * LOW HITPOINT WARNING * * *
The centaur hits you but does no damage.
You see here an arrow.
The centaur completely misses you.
Your chain mail prevents you from hitting the centaur.
You claw the centaur, but do no damage. You miss the crocodile.
The centaur barely misses you. The crocodile bites you!
You die...

... #.#
#.# #.#
#.#
######c###
......@t(#
######.#.#
#.#.#
#.#.#
#.#.#
#.#.#
#.#.# #.#
#.#


You could see a crocodile and a centaur.

Vanquished Creatures
  A centaur (D:6)
  A bullfrog (D:6)
  4 crimson imps
  A bullfrog zombie (D:6)
  A centaur zombie (D:6)
  2 hounds
  A bullfrog skeleton (D:7)
  3 orc priests
  3 orc wizards
  A centaur skeleton (D:6)
  2 iguanas
  3 worker ants
  2 hound skeletons
  Robin (D:2)
  5 adders
  2 shadow imps
  An adder skeleton (D:5)
  2 worms
  8 dart slugs
  3 fire bats (D:4)
  5 leopard geckos
  15 orcs
  2 spectral bats (D:4)
  2 ball pythons
  3 bat skeletons (D:4)
  A bat zombie (D:4)
  2 giant cockroaches
  16 goblins
  14 hobgoblins
  7 jackals
  4 kobolds
  13 bats
  A bat simulacrum (D:4)
  4 frilled lizards
  3 leopard gecko skeletons
  8 rats
147 creatures vanquished.

Vanquished Creatures (collateral kills)
  Prince Ribbit (D:5)
  A black bear (D:6)
  A centaur (D:6)
  A jelly (D:5)
  An orc wizard (D:7)
  A worker ant (D:5)
  4 orcs
  A jackal (D:5)
  A quokka (D:5)
12 creatures vanquished.

Vanquished Creatures (others)
  A phantom (D:6)
  A vampire bat (D:4)
  A giant cockroach (D:4)
3 creatures vanquished.

Grand Total: 162 creatures vanquished

Notes
Turn   | Place    | Note
-------+----------+-------------------------------------------
     0 | Abyss:1  | IceWhale the Demonspawn Abyssal Knight began the quest for the Orb.
     0 | Abyss:1  | Reached XP level 1. HP: 18/18 MP: 2/2
    43 | Abyss:1  | Noticed a starcursed mass
    44 | D:1      | Escaped the Abyss
   216 | D:1      | Gained mutation: A weak demonic guardian rushes to your aid. [demonic ancestry]
   216 | D:1      | Reached XP level 2. HP: 17/24 MP: 3/3
   400 | D:1      | Reached skill level 2 in Axes
   576 | D:1      | Reached * piety under Lugonu
  1519 | D:2      | Gained mutation: You have sharp toenails. [demonic ancestry]
  1519 | D:2      | Reached XP level 3. HP: 12/29 MP: 4/4
  1679 | D:2      | Found a radiant altar of Vehumet.
  2076 | D:2      | Noticed Robin
  2181 | D:2      | Killed Robin
  2181 | D:2      | Reached skill level 3 in Axes
  2181 | D:2      | Gained mutation: You are partially covered in yellow scales. (AC +2) [demonic ancestry]
  2181 | D:2      | Reached XP level 4. HP: 35/35 MP: 6/6
  2190 | D:2      | Reached ** piety under Lugonu
  2724 | D:2      | Found a snail-covered altar of Cheibriados.
  2862 | D:2      | Reached XP level 5. HP: 41/41 MP: 7/7
  2893 | D:3      | Reached skill level 4 in Axes
  3079 | D:3      | Found a stormy altar of Qazlal.
  3466 | D:3      | Found a shadowy altar of Dithmenos.
  4300 | D:4      | Gained mutation: You are slightly more attuned to the shadows. [demonic ancestry]
  4300 | D:4      | Reached XP level 6. HP: 38/47 MP: 8/8
  4374 | D:4      | Reached skill level 1 in Stealth
  4582 | D:4      | Reached skill level 5 in Axes
  4590 | D:4      | Reached *** piety under Lugonu
  4954 | D:5      | Entered Level 5 of the Dungeon
  4986 | D:5      | Noticed Prince Ribbit
  5082 | D:5      | Killed Prince Ribbit
  5082 | D:5      | Gained mutation: You are mostly covered in yellow scales. (AC +3) [demonic ancestry]
  5082 | D:5      | Reached XP level 7. HP: 52/53 MP: 9/9
  5169 | D:5      | Reached skill level 6 in Axes
  5368 | D:5      | Noticed Sigmund
  5372 | D:5      | Banished Sigmund
  5933 | D:6      | Found a glowing golden altar of the Shining One.
  5965 | D:6      | Reached skill level 7 in Axes
  5965 | D:6      | Reached XP level 8. HP: 46/60 MP: 11/11
  6897 | D:6      | Found a blossoming altar of Fedhas.
  6989 | D:6      | Found a staircase to the Ecumenical Temple.
  6998 | Temple   | Entered the Ecumenical Temple
  7370 | D:7      | Noticed a hippogriff
  7440 | D:7      | HP: 1/61 [crocodile (10)]
  7442 | D:7      | Slain by a crocodile

Vault maps used:
D:1:      dpeg_arrival_connections
D:2:      cheibriados_altar_1, vehumet_crystals, serial_co_window_serial,
          co_window_of_opportunity_a, co_window_paths_b, co_window_cross_1,
          co_window_paths_a, co_window_corner_a, co_window_corner_b,
          co_window_unsneaky_path_b, co_window_corner_b, co_window_2corner,
          co_window_broadway_a, co_window_unsneaky_path_e, glass_columns_b,
          glass_columns_b, glass_columns_a, glass_columns_c, uniq_robin
D:3:      nicolae_dithmenos_through_a_glass_darkly, grunt_qazlal_clouds
D:4:      goddamned_bats
D:5:      kennysheep_slugbush, first_bread, uniq_prince_ribbit1, uniq_sigmund
D:6:      lemuel_crystal_altar, lemuel_round_altar, minmay_temple_entry_fiery,
          minmay_misc_feat_doors
D:7:      grunt_temple_overflow_champion_of_chaos, lightli_bailey_entry_fortress
Temple:   pf_slime_end_temple

Skill      XL: |  1  2  3  4  5  6  7 |
---------------+----------------------+-----
Armour         | 2 3 |  3.0
Axes           | 2 3 4 5 7 |  7.9
Stealth        | 1 2 |  2.6
Invocations    | 3 4 |  4.7
Fighting       | 4 |  4.8
Dodging        | |  0.8
Shields        | |  0.3

Action                   |  1- 3 |  4- 6 |  7- 9 || total
-------------------------+-------+-------+-------++-------
Melee: Hand axe          |   108 |   171 |   186 ||   465
       Kick              |     7 |    41 |    56 ||   104
       War axe           |       |       |     4 ||     4
Invok: Depart the Abyss  |     1 |       |       ||     1
       Bend Space        |       |     3 |     5 ||     8
       Banish            |       |     2 |     2 ||     4
Evoke: Wand              |       |       |     2 ||     2
  Use: Scroll            |     3 |     5 |     6 ||    14
       Potion            |     3 |     1 |     5 ||     9
 Stab: Distracted        |       |     2 |     1 ||     3
       Sleeping          |       |     1 |     1 ||     2
  Eat: Chunk             |     4 |     5 |     3 ||    12
       Bread ration      |       |     1 |     2 ||     3
Armor: Leather armour    |    19 |       |       ||    19
       Ring mail         |    11 |    24 |       ||    35
       Scale mail        |       |   139 |    90 ||   229
       Chain mail        |       |       |    37 ||    37
Dodge: Dodged            |    72 |   126 |   104 ||   302
Block: Shield            |       |    39 |       ||    39

Table legend:
 A = Spawn XP
 B = Non-spawn XP
 C = Spawn XP percentage of total XP
 D = Spawn monster count
 E = Non-spawn monster count
 F = Spawn count percentage of total count
 G = Total turns spent on level
                    A         B        C        D         E        F      G
               +---------+---------+-------+---------+---------+-------+---------
         Total |       0 |    2115 |   0.0 |       0 |     163 |   0.0 |  7442
               +---------+---------+-------+---------+---------+-------+---------
           D:1 |       0 |      29 |   0.0 |       0 |      15 |   0.0 |  1365
           D:2 |       0 |     173 |   0.0 |       0 |      41 |   0.0 |  1461
           D:3 |       0 |      39 |   0.0 |       0 |      18 |   0.0 |   936
           D:4 |       0 |     345 |   0.0 |       0 |      33 |   0.0 |  1148
           D:5 |       0 |     746 |   0.0 |       0 |      33 |   0.0 |   854
           D:6 |       0 |     656 |   0.0 |       0 |      15 |   0.0 |  1333
           D:7 |       0 |     127 |   0.0 |       0 |       8 |   0.0 |   167
               +---------+---------+-------+---------+---------+-------+---------
